 Dungeon Crawl Stone Soup version 0.31.0-11-ge490571c62 (webtiles) character file.

Game seed: 6849834161619841536

3467 nightchill the Cleaver (level 9, -19/86 HPs)
             Began as a Minotaur Fighter on Jan 29, 2024.
             Was an Elder of Zin.
             Demolished by a red ugly thing (23 damage)
             ... on level 7 of the Dungeon.
             The game lasted 00:13:32 (6835 turns).

nightchill the Cleaver (Minotaur Fighter)           Turns: 6835, Time: 00:13:32

Health: -19/86     AC: 11    Str: 25    XL:     9   Next: 78%
Magic:  8/8        EV:  8    Int:  5    God:    Zin [****..]
Gold:   411        SH:  4    Dex: 10    Spells: 8/8 levels left

rFire   . . .        a - +0 war axe
rCold   . . .        c - +0 buckler
rNeg    . . .        m - +0 chain mail
rPois   .            (helmet restricted)
rElec   .            u - +0 cloak
rCorr   .            (no gloves)
SInv    .            j - +0 pair of boots
Will    +....        (no amulet) Stlth
                     l - ring of willpower
HPRegen 0.34/turn    (no ring)
MPRegen 0.11/turn

%: no passive effects
@: invisible
A: horns 2, retaliatory headbutt
a: Renounce Religion, Recite, Vitalisation, Imprison, Donate Gold


You were on level 7 of the Dungeon.
You worshipped Zin.
Zin was greatly pleased with you.
You visited 1 branch of the dungeon, and saw 7 of its levels.

You collected 456 gold pieces.
You donated 45 gold pieces to Zin.

Inventory:

Hand Weapons
 a - a +0 war axe (weapon)
 w - a +0 war axe
Missiles
 i - 12 poisoned darts (quivered)
 t - 4 atropa-tipped darts
Armour
 c - a +0 buckler (worn)
 j - a +0 pair of boots (worn)
 m - a +0 chain mail (worn)
 u - a +0 cloak (worn)
Jewellery
 l - a ring of willpower (left hand)
Wands
 x - a wand of digging (6)
 A - a wand of mindburst (19)
Scrolls
 d - a scroll of immolation {unknown}
 e - 2 scrolls of vulnerability {unknown}
 g - 2 scrolls of identify
 h - a scroll of fog {unknown}
 n - a scroll of blinking {unknown}
 o - a scroll of fear {unknown}
 q - a scroll of poison {unknown}
 s - a scroll of silence {unknown}
 v - a scroll of amnesia {unknown}
 y - a scroll of enchant weapon {unknown}
Potions
 b - 2 potions of brilliance
 f - 2 potions of invisibility
 k - 3 potions of curing {unknown}
 p - a potion of haste {unknown}
 r - a potion of cancellation {unknown}
 z - a potion of berserk rage {unknown}
 B - a potion of lignification {unknown}


   Skills:
 + Level 10.4 Fighting
 * Level 13.6 Axes
 - Level 3.6 Armour
 - Level 3.6 Shields


You had 8 spell levels left.
You didn't know any spells.
Your spell library contained the following spells:

 Spells                   Type           Power      Damage    Failure   Level
 Magic Dart               Conj           0%         1d3       98%         1
 Shock                    Conj/Air       0%         1d3       98%         1
 Slow                     Hex            0%         N/A       98%         1
 Searing Ray              Conj           0%         2d4       99%         2
 Confusing Touch          Hex            0%         N/A       100%        3
 Dazzling Flash           Conj/Hex       0%         N/A       100%        3
 Sigil of Binding         Hex            0%         N/A       100%        3
 Swiftness                Air            0%         N/A       100%        3
 Vampiric Draining        Necr           0%         2d6       100%        3
 Volatile Blastmotes      Fire/Tloc      0%         2d10      100%        3
 Airstrike                Air            0%         2d(0-16)  100%        4
 Fulminant Prism          Conj/Alch      0%         3d5       100%        4
 Starburst                Conj/Fire      0%         6d3       100%        6
 Maxwell's Capacitive Co  Air            0%         ∞         100%        8


Dungeon Overview and Level Annotations

Branches:
Dungeon (7/15)             Temple (0/1) D:6

Altars:
Ashenzari
Elyvilon
Fedhas
Hepliaklqana
Kikubaaqudgha
Nemelex Xobeh
Ru
Trog
Uskayaw
Vehumet
Zin

Shops:
D:2 [   D:6 *

Annotations:
D:3 exclusion: statue
D:4 2 transporters, 3 exclusions, TobyConnect's ghost, weakling HuDe


Innate Abilities, Weirdness & Mutations

You have a pair of horns on your head.
You reflexively headbutt those who attack you in melee.


Message History

You slash the white imp!
You kill the white imp!
No target in view!
B - an amethyst potion
Things that are here:
5 large rocks; a cyclops skeleton
Things that are here:
+0 acid dragon scales; an acid dragon skeleton A red ugly thing comes into view.
The red ugly thing gurgles horribly!
You slash the red ugly thing!
Your headbutt misses the red ugly thing.
The red ugly thing is lightly wounded.
The red ugly thing gores you.
You are engulfed in flames!!
You slice the red ugly thing!!
Your headbutt misses the red ugly thing.
The red ugly thing is heavily wounded.
A two-headed ogre comes into view.
It is wielding a +0 giant club and a +0 giant spiked club.
The red ugly thing completely misses you.
You slash the red ugly thing! You headbutt the red ugly thing.
The red ugly thing is severely wounded.
You closely miss the red ugly thing.
The red ugly thing is severely wounded.
The red ugly thing gores you!
You are engulfed in flames!
* * * LOW HITPOINT WARNING * * *
As you read the scroll labelled MUINIR KEURU, it crumbles to dust.
It is a scroll of identify.
b - 2 potions of brilliance The red ugly thing gores you!
* * * LOW HITPOINT WARNING * * *
You are engulfed in flames!!
* * * LOW HITPOINT WARNING * * *
Okay, then.
Okay, then.
It was a potion of invisibility.
You fade into invisibility!
The red ugly thing gores you!
* * * LOW HITPOINT WARNING * * *
You are engulfed in flames!!
You die...

....## #.......#..#)#.#
##..... ###..#
#...........)..###......
##.#
##.....###)###..#..###.#
#.#
#.#..##.....##...##....
#<#
###...##.#####.##.##..⌠.⌠
#<## #....##.##.
##.###......
#..###.##.#.##O
##.#.......
##.#....#.#.#u#
#.#...._._ #.).##.....#@#
#.......⌠.
#.#####.)#.#.##
#.#...._._ #.#
##.#.##.### ##.#.......
#.#
#)##.##..###.###......
..######..##.###[#.##
##..⌠.⌠ ..#........##.
##(## ##....
.............### ###
###.# .##.........## ####
##.... #..).....##
###..## ##.....


You could see a red ugly thing (unable to see you) and a two-headed ogre (unable
to see you).

Vanquished Creatures
  Pikel (D:7)
  A cyclops (D:7)
  An acid dragon (D:7)
  2 water moccasins
  An ice beast (D:5)
  2 sky beasts (D:7)
  A black bear (D:5)
  2 centaurs
  A lemure (D:7)
  2 bullfrogs (D:7)
  A scorpion (D:4)
  5 wights (D:7)
  9 killer bees (D:7)
  A bombardier beetle (D:4)
  2 jellies (D:3)
  2 orc priests (D:6)
  2 sleepcaps
  2 gnoll boudas
  3 hounds
  2 iguanas
  Jessica (D:2)
  Natasha (thrice) (D:2)
  5 orc wizards
  6 gnolls
  11 adders
  5 white imps
  3 dart slugs
  2 ribbon worms (D:2)
  34 orcs
  6 ball pythons
  12 endoplasms
  2 giant cockroaches
  3 goblins
  7 hobgoblins
  9 jackals
  3 quokkas
  5 bats
  3 frilled lizards
  15 kobolds
  8 rats
186 creatures vanquished.

Notes
Turn   | Place    | Note
-------+----------+-------------------------------------------
     0 | D:1      | nightchill the Minotaur Fighter began the quest for the
                  | Orb.
     0 | D:1      | Reached XP level 1. HP: 19/19 MP: 0/0
   348 | D:1      | Reached skill level 3 in Axes
   350 | D:1      | Reached XP level 2. HP: 27/27 MP: 1/1
   962 | D:2      | Found Pualink's Armour Shop.
   962 | D:2      | Noticed Natasha
   974 | D:2      | Killed Natasha
   975 | D:2      | Reached skill level 4 in Axes
   975 | D:2      | Reached XP level 3. HP: 16/34 MP: 2/2
  1070 | D:2      | Noticed Natasha
  1078 | D:2      | Killed Natasha
  1079 | D:2      | Reached XP level 4. HP: 28/41 MP: 3/3
  1136 | D:2      | Noticed Jessica
  1147 | D:2      | Killed Jessica
  1264 | D:2      | Reached skill level 5 in Axes
  1414 | D:2      | Noticed Natasha
  1421 | D:2      | Killed Natasha
  1422 | D:2      | Reached skill level 5 in Fighting
  1422 | D:2      | Reached XP level 5. HP: 28/48 MP: 4/4
  1791 | D:3      | Found a radiant altar of Vehumet.
  1792 | D:3      | Noticed a charred statue
  2088 | D:3      | Found an ancient bone altar of Kikubaaqudgha.
  2471 | D:3      | Reached skill level 6 in Axes
  2502 | D:3      | Found a hide-covered altar of Uskayaw.
  2502 | D:3      | Found a sacrificial altar of Ru.
  2502 | D:3      | Found a sparkling altar of Nemelex Xobeh.
  2502 | D:3      | Found a glowing silver altar of Zin.
  2502 | D:3      | Found a white marble altar of Elyvilon.
  2502 | D:3      | Found a blossoming altar of Fedhas.
  2517 | D:3      | Reached XP level 6. HP: 37/56 MP: 5/5
  2587 | D:3      | Became a worshipper of Zin the Law-Giver
  2587 | D:3      | Reached * piety under Zin
  2715 | D:4      | Found a transporter.
  2807 | D:4      | Reached skill level 7 in Axes
  2900 | D:4      | Found a white marble altar of Elyvilon.
  3292 | D:4      | Reached ** piety under Zin
  3423 | D:4      | Found a transporter.
  3425 | D:4      | Identified the +6 halberd "Ruub Pou" {venom, rElec Dex+6
                  | Stlth+}
  3465 | D:4      | Noticed TobyConnect's ghost (weakling HuDe)
  3567 | D:5      | Entered Level 5 of the Dungeon
  3592 | D:5      | Found a broken altar of Ashenzari.
  3681 | D:5      | Reached XP level 7. HP: 57/63 MP: 6/6
  3715 | D:5      | Reached skill level 8 in Axes
  3887 | D:5      | Reached *** piety under Zin
  4596 | D:5      | Reached skill level 9 in Axes
  4818 | D:6      | Reached XP level 8. HP: 57/73 MP: 7/7
  5137 | D:6      | Found Iqaf Epuig's Elemental Accessories.
  5229 | D:6      | Reached **** piety under Zin
  5234 | D:6      | Found a staircase to the Ecumenical Temple.
  5329 | D:6      | Reached skill level 10 in Axes
  5814 | D:7      | Reached skill level 11 in Axes
  5943 | D:7      | Found a glowing silver altar of Zin.
  5944 | D:7      | Found a sparkling altar of Nemelex Xobeh.
  5944 | D:7      | Found a hazy altar of Hepliaklqana.
  5944 | D:7      | Found a bloodstained altar of Trog.
  6023 | D:7      | Noticed Pikel
  6027 | D:7      | Reached XP level 9. HP: 71/83 MP: 8/8
  6035 | D:7      | Killed Pikel
  6036 | D:7      | Reached skill level 12 in Axes
  6554 | D:7      | Noticed a cyclops
  6558 | D:7      | Reached skill level 10 in Fighting
  6558 | D:7      | Reached skill level 13 in Axes
  6572 | D:7      | Killed a cyclops
  6828 | D:7      | Noticed a red ugly thing
  6831 | D:7      | Noticed a two-headed ogre
  6835 | D:7      | HP: 4/86 [red ugly thing (8)]
  6835 | D:7      | Demolished by a red ugly thing

Illustrated notes

Levels and vault maps discovered:
D:1:      dpeg_arrival_pits, layout_basic
D:2:      layout_rooms, serial_shops, nicolae_shop_rolling_square, uniq_natasha,
          uniq_jessica
D:3:      cheibrodos_fertilizer, layout_loops_ring, vehumet_statue,
          nicolae_overflow_hidden_temple
D:4:      layout_cave_pods, mainiacjoe_overflow_six_doors_small,
          gammafunk_ghost_gnarly_gnolls, serial_bayou_crossing
D:5:      layout_layer_cave, mainiacjoe_overflow_alcove_1
D:6:      layout_loops_cross, minmay_temple_entry_steel_oval,
          nicolae_elemental_shop
D:7:      minmay_the_grid_octo_2x2 [minmay_the_grid_octo_shrine,
          minmay_the_grid_octo_tetromino_candy, minmay_the_grid_octo_fan_narrow,
          minmay_the_grid_octo_prize_single_spiral], layout_rooms, uniq_pikel

Skill      XL: |  1  2  3  4  5  6  7  8  9 |
---------------+----------------------------+-----
Axes           | 3 4 5 6 7 9 11 13 | 13.6
Fighting       | 4 5 6 7 9 10 | 10.4
Armour         | |  3.6
Shields        | |  3.6

Action                     |  1- 3 |  4- 6 |  7- 9 || total
---------------------------+-------+-------+-------++-------
  Melee: War axe           |    59 |   156 |   217 ||   432
         Headbutt          |    10 |    24 |    43 ||    77
 Invoke: Recite            |       |     5 |     9 ||    14
         Vitalisation      |       |       |     3 ||     3
    Use: Potion            |       |       |     2 ||     2
         Scroll            |       |       |     1 ||     1
   Stab: Confused          |       |       |     4 ||     4
 Armour: Scale mail        |    47 |    17 |       ||    64
         Chain mail        |       |    93 |   196 ||   289
  Dodge: Dodged            |    33 |    52 |    83 ||   168
  Block: Buckler           |    13 |    27 |    58 ||    98
